AoeStats
← Reinforcement

Arena

504011601Analyzed
1v1 RM · 1mo ago on Sep 3, 2026· 48m 49s· 2 players
Game mode
Random Map
Map size
Tiny (2 player)
Population
200
Speed
Normal
Resources
Standard
Victory
Conquest
Starting age
Dark Age
Ending age
Imperial Age
RankedLock teamsTeams togetherTeam positionsShared explorationLock speedFull tech treeHidden civsTurbo modeCheats
Victory
Defeat
🇨🇳 Franks · China
891
+16
🇷🇸 Franks · Serbia
887
-16
Reinforcement
7:42 Loom
10:45 Feudal Age
15:58 Castle Age
14:30 Double-Bit Axe
19:44 Bow Saw
22:01 Gold Mining
22:03 Stone Mining
24:11 Wheelbarrow
27:09 Hand Cart
28:20 Gold Shaft Mining
27:38 Town Watch
30:21 Scale Barding Armor
30:26 Forging
31:52 Chain Barding Armor
36:21 Imperial Age
34:11 Pikeman
35:57 Iron Casting
35:15 Fletching
35:26 Arson
35:44 Squires
35:33 Arson
36:52 Cavalier
37:35 Husbandry
38:23 Paladin
38:29 Halberdier
40:10 Plate Barding Armor
42:20 Blast Furnace
43:33 Scale Mail Armor
46:01 Chain Mail Armor
49:50 Plate Mail Armor
西安兰花
8:59 Loom
12:49 Feudal Age
19:11 Castle Age
18:06 Double-Bit Axe
18:14 Stone Mining
18:15 Gold Mining
19:16 Arson
19:45 Scale Mail Armor
27:02 Scale Barding Armor
31:33 Imperial Age
29:56 Wheelbarrow
30:52 #83
30:52 Squires
30:12 Pikeman
31:12 Husbandry
31:31 Chain Mail Armor
32:09 Forging
32:01 Padded Archer Armor
31:49 Cavalier
32:23 Fletching
33:35 Plate Mail Armor
33:39 Conscription
33:57 Hand Cart
34:43 Iron Casting
34:48 Bow Saw
35:35 Gold Shaft Mining
37:10 Hoardings
36:36 Chivalry
36:27 Halberdier
38:56 Blast Furnace
40:08 Leather Archer Armor
40:14 Chain Barding Armor
39:51 Bodkin Arrow
39:52 Elite Throwing Axeman
40:34 Chivalry
46:49 Plate Barding Armor
Connection lost

Rejoining the realm…

Still unreachable

The connection could not be restored.

Session expired

The server has moved on; the page needs a fresh start.